 Dungeon Crawl Stone Soup version 0.24.0-123-gd5b16e6ec5 (webtiles) character file.

Game seed: 16078851786988970391, levelgen mode: deterministic

1920 Ink5 the Thaumaturge (level 9, -1/65 HPs)
             Began as a Gnoll Wizard on Jan 22, 2020.
             Was an Initiate of Ashenzari.
             Slain by Harold
             ... wielding a +1 flail of holy wrath
              (10 damage)
             ... on level 7 of the Dungeon.
             The game lasted 00:15:53 (6612 turns).

Ink5 the Thaumaturge (Gnoll Wizard)                 Turns: 6612, Time: 00:15:54

Health: -1/65      AC:  3    Str:  6    XL:     9   Next: 16%
Magic:  15/21      EV: 15    Int: 24    God:    Ashenzari [......]
Gold:   527        SH:  0    Dex: 13    Spells: 13/24 levels left

rFire    . . .     SeeInvis .   w - +11 hand axe of Tevial {chop, Str-2 Int+2 Stlth+}
rCold    . . .     Gourm    .   (no shield)
rNeg     . . .     Faith    .   j - +0 robe
rPois    +         Spirit   .   h - +0 hat
rElec    .         Reflect  .   (no cloak)
rCorr    .         Harm     .   (no gloves)
MR       .....                  l - +0 pair of boots
Stlth    ++++......             (no amulet)
HPRegen  0.20/turn              e - -4 ring of strength (curse)
MPRegen  0.17/turn              g - ring of poison resistance

@: about to teleport, berserk cooldown, slowed, very slow
A: distributed training, fangs 1, strong nose
a: Curse Item, Renounce Religion


You were on level 7 of the Dungeon.
You worshipped Ashenzari.
Ashenzari was noncommittal.
You were not hungry.

You visited 2 branches of the dungeon, and saw 8 of its levels.
You also visited: Ossuary.

You collected 527 gold pieces.

Inventory:

Hand Weapons
 a - a +2 trident of piercing
 b - a +1 hunting sling
 w - the +11 hand axe of Tevial (weapon) {chop, Str-2 Int+2 Stlth+}
   (You found it on level 4 of the Dungeon)

   It inflicts extra damage upon your enemies.
   It affects your strength (-2).
   It affects your intelligence (+2).
   It makes you more stealthy.
Missiles
 i - 160 stones (quivered)
Armour
 h - a +0 hat (worn)
 j - a +0 robe (worn)
 l - a +0 pair of boots (worn)
Jewellery
 e - a cursed -4 ring of strength (left hand)
 g - a ring of poison resistance (right hand)
 y - an uncursed ring of see invisible
 B - an uncursed amulet of guardian spirit
Wands
 A - a wand of flame (18)
Scrolls
 c - 3 scrolls of enchant weapon
 p - 2 scrolls of amnesia
 r - 8 scrolls of identify
 s - 2 scrolls of fear
 u - 2 scrolls of immolation
Potions
 f - 3 potions of curing
 k - a potion of berserk rage
 m - 4 potions of agility {unknown}
 n - 2 potions of resistance {unknown}
 q - a potion of cancellation {unknown}
 t - a potion of flight {unknown}
 v - a potion of invisibility
 z - 2 potions of ambrosia {unknown}
 C - a potion of haste {unknown}
 D - a potion of might {unknown}
Comestibles
 d - 8 rations


   Skills:
 + Level 3.9 Fighting
 + Level 3.9 Short Blades
 + Level 3.9 Long Blades
 + Level 3.9 Axes
 + Level 3.9 Maces & Flails
 + Level 3.9 Polearms
 + Level 3.9 Staves
 + Level 3.9 Slings
 + Level 3.9 Bows
 + Level 3.9 Crossbows
 + Level 3.9 Throwing
 + Level 3.9 Armour
 + Level 6.1 Dodging
 + Level 5.8 Stealth
 + Level 3.9 Shields
 + Level 3.9 Unarmed Combat
 + Level 8.2 Spellcasting
 + Level 3.9 Conjurations
 + Level 3.2 Hexes
 + Level 3.2 Charms
 + Level 3.9 Summonings
 + Level 3.2 Necromancy
 + Level 3.9 Translocations
 + Level 3.2 Transmutations
 + Level 3.2 Fire Magic
 + Level 3.2 Ice Magic
 + Level 3.2 Air Magic
 + Level 3.2 Earth Magic
 + Level 3.2 Poison Magic
 + Level 4.3 Invocations
 + Level 3.9 Evocations


You had 13 spell levels left.
You knew the following spells:

 Your Spells              Type           Power        Failure   Level  Hunger
a - Magic Dart            Conj           ####         1%          1    None
b - Call Imp              Summ           ####....     1%          2    None
e - Conjure Flame         Conj/Fire      ####....     4%          3    None
f - Mephitic Cloud        Conj/Pois/Air  ####....     4%          3    None
i - Blink                 Tloc           N/A          1%          2    None

Your spell library contained the following spells:

 Spells                   Type           Power        Failure   Level  Hunger
 Animate Skeleton         Necr           N/A          1%          1    None
 Apportation              Tloc           ####..       1%          1    None
 Confusing Touch          Hex            ####..       1%          1    None
 Corona                   Hex            ####...      1%          1    None
 Summon Small Mammal      Summ           ####         1%          1    None
 Ensorcelled Hibernation  Hex/Ice        ####..       2%          2    None
 Slow                     Hex            ####....     2%          2    None
 Confuse                  Hex            ####....     4%          3    None
 Dazzling Spray           Conj/Hex       ####..       4%          3    None
 Tukima's Dance           Hex            ####....     4%          3    None


Dungeon Overview and Level Annotations

Branches:
Dungeon (7/15)             Temple (1/1) D:5         Ossuary (visited)

Altars:
Ashenzari
Cheibriados
Dithmenos
Gozag
Kikubaaqudgha
Nemelex Xobeh
Okawaru
Uskayaw
Vehumet
Xom
The Shining One

Annotations:
D:7 Harold


Innate Abilities, Weirdness & Mutations

Your experience applies equally to all skills.
You have very sharp teeth.
Your uncanny sense of smell can sniff out nearby items.


Message History

Your crimson imp completely misses Harold.
Casting: Blink (safe; 1% risk of failure)
Confirm with . or Enter, or press ? or * to list all spells.
Aiming: Mephitic Cloud (safe; 4% risk of failure)
Press: ? - help, Shift-Dir - straight line, f/p - Harold
Aim: Harold, wielding a +1 flail of holy wrath and wearing a +0 chain mail (moderately wounded)
The ball explodes into a vile cloud!
The stinking cloud engulfs Harold but does no damage.
Harold is moderately wounded.
The stinking cloud engulfs your crimson imp but does no damage.
The stinking cloud engulfs you but does no damage.
You hear a bark!
Harold is engulfed in noxious fumes.
Harold appears confused.
Harold hits your crimson imp with a +1 flail of holy wrath!!
Your crimson imp is killed!
As you read the scroll of teleportation, it crumbles to dust.
You feel strangely unstable.
Harold is engulfed in noxious fumes. x2
Harold appears confused.
Harold hits you with a +1 flail of holy wrath!
You die...

#.......†.####......
#........)# #######
#........)#
#.........#
#........#
####........#
..#...........#
.................#
........○○@......#
###.....°○@.....##
.......§°......#
....###.........#
.... #.$.......# ...
#.........#
#.........#
#..[......#


You could see Harold (confused).

Vanquished Creatures
  An orc warrior (D:6)
  An ice beast (D:6)
  2 sky beasts
  2 ogres (D:6)
  2 centaurs (D:5)
  A crocodile (D:7)
  2 bullfrogs
  An elf zombie (Ossuary)
  A scorpion (D:7)
  A crimson imp (D:5)
  A jelly (D:5)
  4 hounds
  2 orc priests
  2 orc wizards
  A bullfrog skeleton (D:5)
  A centaur skeleton (D:5)
  Jessica (D:2)
  An iguana (D:6)
  4 worker ants
  A big kobold zombie (Ossuary)
  2 hound zombies (Ossuary)
  4 mummies (Ossuary)
  A worker ant zombie (D:7)
  6 adders
  A howler monkey skeleton (D:5)
  A shadow imp (D:5)
  2 adder skeletons (D:5)
  7 worms
  A dart slug (D:6)
  6 leopard geckos
  18 orcs
  6 ball pythons
  11 bats
  7 giant cockroaches
  6 goblins
  6 hobgoblins
  7 jackals
  A quokka (D:4)
  6 frilled lizards
  2 goblin zombies
  5 kobolds
  An orc zombie (Ossuary)
  2 quokka zombies
  6 rats
147 creatures vanquished.

Vanquished Creatures (collateral kills)
  Blork the orc (D:4)
  An elf zombie (Ossuary)
  A howler monkey (D:6)
  A crimson imp (D:6)
  A worker ant (D:4)
  A hound zombie (Ossuary)
  Robin (D:3)
  An adder (D:2)
  A worm (D:3)
  A dart slug (D:3)
  4 orcs
  A ball python (D:3)
  A giant cockroach (D:4)
  A gnoll zombie (Ossuary)
  4 goblins (D:3)
  A hobgoblin (D:3)
  A goblin zombie (Ossuary)
  A hobgoblin zombie (Ossuary)
  An orc zombie (Ossuary)
  A quokka skeleton (D:3)
26 creatures vanquished.

Grand Total: 173 creatures vanquished

Notes
Turn   | Place    | Note
-------+----------+-------------------------------------------
     0 | D:1      | Ink5 the Gnoll Wizard began the quest for the Orb.
     0 | D:1      | Reached XP level 1. HP: 13/13 MP: 8/8
    46 | D:1      | Reached XP level 2. HP: 19/19 MP: 2/10
    50 | D:1      | Learned a level 2 spell: Call Imp
    53 | D:1      | Learned a level 2 spell: Blink
   369 | D:1      | Found a sparkling altar of Nemelex Xobeh.
   404 | D:1      | Reached XP level 3. HP: 25/25 MP: 6/11
   409 | D:1      | Learned a level 3 spell: Conjure Flame
   413 | D:1      | Learned a level 3 spell: Mephitic Cloud
   930 | D:2      | Reached skill level 1 in Invocations
  1137 | D:2      | Noticed a sky beast
  1142 | D:2      | Killed a sky beast
  1142 | D:2      | Reached skill level 1 in Fighting
  1142 | D:2      | Reached skill level 1 in Short Blades
  1142 | D:2      | Reached skill level 1 in Long Blades
  1142 | D:2      | Reached skill level 1 in Axes
  1142 | D:2      | Reached skill level 1 in Maces & Flails
  1142 | D:2      | Reached skill level 1 in Polearms
  1142 | D:2      | Reached skill level 1 in Staves
  1142 | D:2      | Reached skill level 1 in Slings
  1142 | D:2      | Reached skill level 1 in Bows
  1142 | D:2      | Reached skill level 1 in Crossbows
  1142 | D:2      | Reached skill level 1 in Throwing
  1142 | D:2      | Reached skill level 1 in Armour
  1142 | D:2      | Reached skill level 1 in Shields
  1142 | D:2      | Reached skill level 1 in Unarmed Combat
  1142 | D:2      | Reached skill level 1 in Hexes
  1142 | D:2      | Reached skill level 1 in Charms
  1142 | D:2      | Reached skill level 1 in Necromancy
  1142 | D:2      | Reached skill level 1 in Transmutations
  1142 | D:2      | Reached skill level 1 in Fire Magic
  1142 | D:2      | Reached skill level 1 in Ice Magic
  1142 | D:2      | Reached skill level 1 in Air Magic
  1142 | D:2      | Reached skill level 1 in Earth Magic
  1142 | D:2      | Reached skill level 1 in Poison Magic
  1142 | D:2      | Reached skill level 1 in Evocations
  1142 | D:2      | Reached XP level 4. HP: 24/32 MP: 4/13
  1142 | D:2      | Reached XP level 5. HP: 28/37 MP: 4/14
  1498 | D:2      | Noticed Jessica
  1513 | D:2      | Killed Jessica
  1833 | D:3      | Reached XP level 6. HP: 26/44 MP: 2/16
  1855 | D:3      | Noticed Robin
  1858 | D:3      | Killed Robin
  2649 | D:3      | Reached skill level 5 in Dodging
  2921 | D:4      | Found a sand-covered staircase.
  2939 | Ossuary  | Entered an ossuary
  3012 | Ossuary  | Reached XP level 7. HP: 15/50 MP: 1/18
  3755 | D:4      | Noticed Blork the orc
  3762 | D:4      | Killed Blork the orc
  4313 | D:4      | Got a dazzling hand axe
  4313 | D:4      | Identified the +11 hand axe of Tevial {chop, Str-2 Int+2
                  | Stlth+} (You found it on level 4 of the Dungeon)
  4329 | D:5      | Entered Level 5 of the Dungeon
  4348 | D:5      | Found a sparkling altar of Nemelex Xobeh.
  4386 | D:5      | Reached skill level 5 in Stealth
  4561 | D:5      | Reached XP level 8. HP: 48/57 MP: 19/19
  4857 | D:5      | Found a staircase to the Ecumenical Temple.
  4878 | Temple   | Entered the Ecumenical Temple
  4884 | Temple   | Became a worshipper of Ashenzari the Shackled
  5499 | D:6      | Found a snail-covered altar of Cheibriados.
  5533 | D:6      | Reached skill level 8 in Spellcasting
  6143 | D:6      | Reached XP level 9. HP: 65/65 MP: 12/21
  6500 | D:7      | Found a shimmering altar of Xom.
  6594 | D:7      | Noticed Harold
  6612 | D:7      | Slain by Harold

Levels and vault maps discovered:
D:1:      dpeg_arrival_stonehenge_12_columns, layout_loops_ring,
          nemelex_diamond_rough_becter
D:2:      layout_rooms, first_ration, uniq_jessica
D:3:      layout_basic, kennysheep_generic_room_3, uniq_robin
D:4:      layout_basic, enter_ossuary_4, uniq_blork_the_orc
D:5:      layout_cave_pools, kennysheep_mini_moat, minmay_temple_entry_statues,
          st_stairs_5, kennysheep_pointless_box
D:6:      layout_basic, kennysheep_slug_shrine
D:7:      layout_basic, serial_shops, shop, basic_altar, uniq_harold
Temple:   eino_narrow_crystal_temple

Skill      XL: |  1  2  3  4  5  6  7  8 |
---------------+-------------------------+-----
Conjurations   | 2 3 |  3.9
Summonings     | 2 3 |  3.9
Translocations | 2 3 |  3.9
Invocations    | 1 2 3 4 |  4.3
Fighting       | 1 2 3 |  3.9
Short Blades   | 1 2 3 |  3.9
Long Blades    | 1 2 3 |  3.9
Axes           | 1 2 3 |  3.9
Maces & Flails | 1 2 3 |  3.9
Polearms       | 1 2 3 |  3.9
Staves         | 1 2 3 |  3.9
Slings         | 1 2 3 |  3.9
Bows           | 1 2 3 |  3.9
Crossbows      | 1 2 3 |  3.9
Throwing       | 1 2 3 |  3.9
Armour         | 1 2 3 |  3.9
Shields        | 1 2 3 |  3.9
Unarmed Combat | 1 2 3 |  3.9
Hexes          | 1 2 3 |  3.2
Charms         | 1 2 3 |  3.2
Necromancy     | 1 2 3 |  3.2
Transmutations | 1 2 3 |  3.2
Fire Magic     | 1 2 3 |  3.2
Ice Magic      | 1 2 3 |  3.2
Air Magic      | 1 2 3 |  3.2
Earth Magic    | 1 2 3 |  3.2
Poison Magic   | 1 2 3 |  3.2
Evocations     | 1 2 3 |  3.9
Dodging        | 5 6 |  6.1
Stealth        | 5 |  5.8
Spellcasting   | 8 |  8.2

Action                   |  1- 3 |  4- 6 |  7- 9 || total
-------------------------+-------+-------+-------++-------
Melee: Club              |     5 |       |       ||     5
       Dagger            |       |    11 |       ||    11
       Bite              |       |     6 |     4 ||    10
       Trident           |       |    66 |    66 ||   132
       Hand axe          |       |       |   111 ||   111
       Punch             |       |       |     1 ||     1
 Cast: Magic Dart        |    70 |    90 |    70 ||   230
       Conjure Flame     |     1 |     3 |     3 ||     7
       Call Imp          |       |    13 |     7 ||    20
       Mephitic Cloud    |       |     3 |    17 ||    20
       Blink             |       |     1 |     2 ||     3
  Use: Scroll            |     3 |     5 |     5 ||    13
       Potion            |       |     3 |     2 ||     5
 Stab: Confused          |       |     2 |     3 ||     5
       Invisible         |       |     4 |       ||     4
       Sleeping          |       |     2 |     5 ||     7
       Distracted        |       |     1 |     2 ||     3
  Eat: Chunk             |       |     6 |     8 ||    14
       Ration            |       |       |     1 ||     1
Armor: Robe              |     4 |    14 |    22 ||    40
       Skin              |       |     9 |       ||     9
Dodge: Dodged            |     9 |    97 |   134 ||   240
